 Dungeon Crawl Stone Soup version 0.25.1-9-gc5326a611f (webtiles) character file.

Game seed: 8889964597390319507

455 raceaflais the Poker (level 6, -3/47 HPs)
             Began as a Demonspawn Gladiator on Dec 31, 2020.
             Slain by an orc
             ... wielding a +0 hand axe
              (4 damage)
             ... on level 4 of the Dungeon.
             The game lasted 00:16:54 (3847 turns).

raceaflais the Poker (Demonspawn Gladiator)         Turns: 3847, Time: 00:16:55

Health: -3/47      AC:  9    Str: 16    XL:     6   Next: 76%
Magic:  6/6        EV: 12    Int:  9    God:
Gold:   158        SH:  0    Dex: 15    Spells: 5/5 levels left

rFire    x . .     SeeInvis .   c - +2 trident (vorpal)
rCold    + + .     Gourm    .   (no shield)
rNeg     . . .     Faith    .   l - +3 ring mail
rPois    .         Spirit   .   n - +0 helmet
rElec    .         Reflect  .   h - scarf {repulsion}
rCorr    .         Harm     .   (no gloves)
MR       +....     Rnd*Rage +   (no boots)
Stlth    ++........             (no amulet)
HPRegen  0.15/turn              k - ring of protection from magic
MPRegen  0.10/turn              s - ring of ice

@: lethally poisoned (-3 -> -8), berserk cooldown, repel missiles
A: hooves 1, berserk 1, cold resistance 1, foul stench 2, nightstalker 1,
screaming 1, rot immunity
a: no special abilities


You were on level 4 of the Dungeon.
You were not hungry.

You visited 1 branch of the dungeon, and saw 5 of its levels.

You collected 158 gold pieces.

Inventory:

Hand Weapons
 a - a +0 flail of protection
 c - a +2 vorpal trident (weapon)
 i - a +2 dagger of venom
Missiles
 d - 4 throwing nets (quivered)
 e - 104 stones
 g - 18 arrows
 j - 8 sling bullets
 p - 33 bolts
Armour
 h - a scarf of repulsion (worn)
 l - a +3 ring mail (worn)
 n - a +0 helmet (worn)
 q - a +0 pair of gloves of archery
Jewellery
 b - an uncursed ring of protection from magic
 k - a ring of protection from magic (left hand)
 s - a ring of ice (right hand)
Wands
 r - a wand of polymorph (14)
 w - a wand of iceblast (11)
Comestibles
 f - 4 rations
 o - 2 chunks of flesh


   Skills:
 + Level 3.0 Fighting
 + Level 1.5 Short Blades
 + Level 4.6 Polearms
 + Level 2.0 Throwing
 + Level 2.8 Armour
 + Level 3.5 Dodging
 + Level 1.3 Stealth
 + Level 0.1 Evocations


You had 5 spell levels left.
You didn't know any spells.
Your spell library was empty.

Dungeon Overview and Level Annotations

Branches:
Dungeon (5/15)
 Temple: D:4-7

Altars:
Trog


Innate Abilities, Weirdness & Mutations

You frequently emit foul miasma when damaged in melee.
You are slightly more attuned to the shadows.
You are immune to rotting.
You have large cloven feet.
You tend to lose your temper in combat.
Your flesh is cold resistant. (rC+)
You occasionally shout uncontrollably at your foes.


Message History

The jackal bites you but does no damage.
The orc barely misses you. The jackal misses you. The orc barely misses you.
The jackal bites you.
* * * LOW HITPOINT WARNING * * *
The orc hits you but does no damage.
The orc looks sick.
The jackal closely misses you.
There is a stone staircase leading down here.
You aren't carrying any scrolls.
Your magical effects are unravelling.
You feel magically purged.
You feel yourself speed up.
* * * LOW HITPOINT WARNING * * *
You feel sick.
The orc hits you with a +2 morningstar of protection.
* * * LOW HITPOINT WARNING * * *
The orc looks sick.
The jackal barely misses you.
The orc wizard hits you but does no damage.
A worm comes into view.
The orc hits you with a +0 hand axe.
You die...

#.#####. #.#.....
...... #.#.###. ......
#.#.###. ......#######
#.#..... ......#.....#
#.###### ......#.....#
#.......
.....h#o....#####......
......@o.††............
.....o†.).†.##.........
##...........+.........
######.######........#
#.# #........# #'#
#.......## .w.
######### ...


You could see a worm (wandering), an orc wizard, 2 orcs and a jackal.

Vanquished Creatures
  A howler monkey (D:4)
  A bullfrog zombie (D:3)
  A hound (D:4)
  3 orc wizards
  Jessica (D:2)
  A centaur skeleton (D:4)
  Terence (D:2)
  Robin (D:2)
  5 adders
  A howler monkey skeleton (D:4)
  An ooze (D:3)
  An adder skeleton (D:4)
  2 worms
  2 leopard geckos
  7 orcs (D:3)
  A ball python (D:4)
  5 giant cockroaches
  19 goblins
  10 hobgoblins
  15 jackals
  5 kobolds
  A quokka (D:4)
  6 bats
  9 frilled lizards
  7 rats
107 creatures vanquished.

Notes
Turn   | Place    | Note
-------+----------+-------------------------------------------
     0 | D:1      | raceaflais the Demonspawn Gladiator began the quest for the
                  | Orb.
     0 | D:1      | Reached XP level 1. HP: 16/16 MP: 1/1
    83 | D:1      | Gained mutation: You are immune to rotting. [demonic
                  | ancestry]
    83 | D:1      | Reached XP level 2. HP: 20/22 MP: 2/2
   202 | D:1      | Gained mutation: You have a pair of small horns on your
                  | head. [potion of mutation]
   202 | D:1      | Gained mutation: Your flesh is cold resistant. (rC+)
                  | [potion of mutation]
   202 | D:1      | Gained mutation: You are agile. (Dex +2) [potion of
                  | mutation]
   253 | D:1      | Reached skill level 3 in Polearms
   622 | D:1      | Gained mutation: You are slightly more attuned to the
                  | shadows. [demonic ancestry]
   622 | D:1      | Reached XP level 3. HP: 27/27 MP: 3/3
  1126 | D:2      | Noticed Terence
  1128 | D:2      | Noticed Jessica
  1142 | D:2      | Killed Terence
  1142 | D:2      | Reached skill level 1 in Armour
  1144 | D:2      | Gained mutation: You may emit foul miasma when damaged in
                  | melee. [demonic ancestry]
  1144 | D:2      | Reached XP level 4. HP: 27/33 MP: 4/4
  1149 | D:2      | Killed Jessica
  1149 | D:2      | Reached skill level 1 in Stealth
  1450 | D:2      | Found a bloodstained altar of Trog.
  1662 | D:2      | Noticed Robin
  1676 | D:2      | Lost mutation: You are agile. (Dex +2) [potion of mutation]
  1676 | D:2      | Lost mutation: You have a pair of small horns on your head.
                  | [potion of mutation]
  1676 | D:2      | Gained mutation: You occasionally shout uncontrollably at
                  | your foes. [potion of mutation]
  1676 | D:2      | Gained mutation: You tend to lose your temper in combat.
                  | [potion of mutation]
  1676 | D:2      | Gained mutation: You have large cloven feet. [potion of
                  | mutation]
  1687 | D:2      | Killed Robin
  1687 | D:2      | Reached XP level 5. HP: 14/38 MP: 5/5
  2259 | D:3      | Reached skill level 1 in Short Blades
  2727 | D:3      | Reached skill level 4 in Polearms
  3033 | D:3      | Gained mutation: You frequently emit foul miasma when
                  | damaged in melee. [demonic ancestry]
  3033 | D:3      | Reached XP level 6. HP: 26/46 MP: 6/6
  3059 | D:3      | HP: 1/46 [orc/+0 flail of protection (4)]
  3844 | D:5      | Entered Level 5 of the Dungeon
  3847 | D:4      | HP: 1/47 [orc/+2 morningstar of protection (4)]
  3847 | D:4      | Slain by an orc

Illustrated notes

Levels and vault maps discovered:
D:1:      zaba_arrival_water, layout_basic, st_stairs_10,
          corexii_leaking_fountain, minmay_close_crescents
D:2:      layout_basic, bloody_trog, serial_bayou_pond_a, uniq_jessica,
          uniq_robin, uniq_terence
D:3:      layout_basic
D:4:      layout_basic
D:5:      layout_basic, nicolae_dithmenos_the_darkroom, lemuel_crystal_altar,
          first_ration, nrook_mini_vaults, uniq_crazy_yiuf_cottage

Skill      XL: |  1  2  3  4  5  6 |
---------------+-------------------+-----
Dodging        | 3 |  3.5
Throwing       | 2 |  2.0
Polearms       | 3 4 |  4.6
Armour         | 1 2 |  2.8
Stealth        | 1 |  1.3
Short Blades   | 1 |  1.5
Fighting       | 3 |  3.0
Evocations     | |  0.1

Action                   |  1- 3 |  4- 6 || total
-------------------------+-------+-------++-------
Melee: Trident           |   106 |   150 ||   256
       Headbutt          |    14 |     8 ||    22
       Dagger            |       |    28 ||    28
       Kick              |       |    29 ||    29
Evoke: Wand              |       |     4 ||     4
  Use: Scroll            |     2 |     5 ||     7
       Potion            |     1 |     7 ||     8
 Stab: Sleeping          |     6 |       ||     6
       Distracted        |     1 |       ||     1
  Eat: Chunk             |     1 |     2 ||     3
       Ration            |       |     2 ||     2
Armor: Leather armour    |    26 |     1 ||    27
       Chain mail        |       |    78 ||    78
       Ring mail         |       |    24 ||    24
Dodge: Dodged            |    88 |   126 ||   214
       Repelled          |       |     8 ||     8
